 Dungeon Crawl Stone Soup version 0.26-a0-651-gb41185065b (webtiles) character file.

Game seed: 16491430899332324454

30225 Flugslaktarn the Cleaver (level 13, -4/126 HPs)
             Began as a Deep Dwarf Fighter on Oct 11, 2020.
             Was a High Priest of Makhleb.
             Slain by a dire elephant (28 damage)
             ... on level 14 of the Dungeon.
             The game lasted 00:06:53 (8833 turns).

Flugslaktarn the Cleaver (Deep Dwarf Fighter)       Turns: 8833, Time: 00:06:54

Health: -4/126     AC: 21    Str: 25    XL:     13   Next: 19%
Magic:  0/0        EV:  6    Int: 11    God:    Makhleb [*****.]
Gold:   920        SH: 23    Dex: 15    Spells: 12/12 levels left

rFire    . . .     SeeInvis .   s - +2 broad axe
rCold    . . .     Faith    .   u - +5 tower shield of Zoqeb {Str+5 Stlth+}
rNeg     . . .     Spirit   .   f - +0 plate armour
rPois    .         Reflect  .   (no helmet)
rElec    .         Harm     .   (no cloak)
rCorr    +         Rampage  .   j - +2 pair of gloves
MR       +....                  h - +2 pair of boots
Stlth    ..........             (no amulet)
HPRegen  0.00/turn              (no ring)
MPRegen  0.07/turn              k - ring of resist corrosion

@: mighty, non-regenerating
A: damage resistance, heal wounds, sense surroundings 2, no regeneration
a: Heal Wounds, Minor Destruction, Lesser Servant of Makhleb, Major Destruction,
Greater Servant of Makhleb, Renounce Religion


You were on level 14 of the Dungeon.
You worshipped Makhleb.
Makhleb was extremely pleased with you.
You visited 2 branches of the dungeon, and saw 16 of its levels.

You collected 920 gold pieces.

Inventory:

Hand Weapons
 s - a +2 broad axe (weapon)
   (You found it on level 5 of the Dungeon)
Armour
 c - a +1 kite shield
 f - a +0 plate armour (worn)
   (You took it off an orc warrior on level 7 of the Dungeon)
 h - a +2 pair of boots (worn)
   (You found it on level 8 of the Dungeon)
 j - a +2 pair of gloves (worn)
   (You found it on level 4 of the Dungeon)
 u - the +5 tower shield of Zoqeb (worn) {Str+5 Stlth+}
   (You found it on level 12 of the Dungeon)

   It affects your strength (+5).
   It makes you more stealthy.
Jewellery
 k - a ring of resist corrosion (right hand)
   (You found it on level 12 of the Dungeon)
Wands
 g - a wand of digging (4)
   (You found it on level 11 of the Dungeon)
 m - a wand of iceblast (13)
   (You found it on level 10 of the Dungeon)
 n - a wand of paralysis (8)
   (You found it on level 13 of the Dungeon)
Scrolls
 l - a scroll of magic mapping
 o - 5 scrolls of fear
 r - 4 scrolls of identify
 x - 11 scrolls of remove curse
 z - 3 scrolls of blinking
Potions
 b - 4 potions of flight
 d - 3 potions of might
 v - 3 potions of lignification
 w - 6 potions of heal wounds


   Skills:
 * Level 10.9 Fighting
 * Level 12.5 Axes
 + Level 9.6 Armour
 - Level 4.0 Dodging
 * Level 9.9 Shields
 + Level 10.3 Invocations
 + Level 7.9 Evocations


You had 12 spell levels left.
You didn't know any spells.
Your spell library was empty.

Dungeon Overview and Level Annotations

Branches:
Dungeon (15/15)            Temple (1/1) D:4            Lair (0/6) D:8
    Orc (0/2) D:9          Vaults (0/5) D:14
 Depths: D:15

Altars:
Ashenzari
Cheibriados
Dithmenos
Elyvilon
Fedhas
Gozag
Hepliaklqana
Kikubaaqudgha
Makhleb
Nemelex Xobeh
Okawaru
Qazlal
Ru
Trog
Uskayaw
Vehumet
Wu Jian
Xom
Yredelemnul
Zin
The Shining One
Beogh

Shops:
D:14 :


Innate Abilities, Weirdness & Mutations

You are resistant to damage.
You can heal yourself by infusing magical energy.
You passively map the area around you.
You do not regenerate.


Message History

You are too injured to fight recklessly!
You slash the dire elephant!
The dire elephant is heavily wounded.
You block the dire elephant's attack. x2
You completely miss the dire elephant.
The dire elephant is heavily wounded.
The dire elephant tramples you!
* * * LOW HITPOINT WARNING * * *
You stumble backwards!
You slash the dire elephant!
The dire elephant is severely wounded.
You block the dire elephant's attack. x2
You slash the dire elephant!
The dire elephant is severely wounded.
You block the dire elephant's attack.
The dire elephant trunk-slaps you but does no damage.
You slash the dire elephant!
The dire elephant is severely wounded.
The dire elephant tramples you!!
You die...

.............###.#...............
.......##........................
.########........................
...###...........................
##.........(.......##............
##.................##.......(....
##.........###...#.##............
##.................##...........#
###.............@..##...........#
..#.............Y.###...........#
..#.............>................
..#............................#.
..####.........................#.
....##....##.....................
....##......./...................
....##.......#.#.................
..............(..................


You could see a dire elephant.

Vanquished Creatures
  An emperor scorpion (D:15)
  3 vault guards (D:14)
  A centaur warrior (D:15)
  A catoblepas (D:8)
  2 two-headed ogres
  5 skeletal warriors (D:14)
  An unseen horror (D:13)
  An orc knight (D:14)
  A manticore (D:13)
  2 cyclopes
  4 ugly things
  4 gargoyles
  A freezing wraith (D:15)
  A komodo dragon (shapeshifter) (D:14)
  A wind drake (shapeshifter) (D:8)
  3 trolls
  Prince Ribbit (D:8)
  6 hippogriffs
  Sigmund (D:6)
  A shadow (D:12)
  14 yaks
  2 wyverns
  5 wraiths (D:14)
  Menkaure (D:5)
  An acid dragon (D:13)
  A water moccasin (D:12)
  Duvessa (D:4)
  2 ice beasts
  An eye of draining (shapeshifter) (D:13)
  10 orc warriors
  A hornet zombie (D:14)
  A sky beast (D:11)
  A black bear (D:7)
  3 phantoms
  12 centaurs
  11 ogres
  A gnoll sergeant (D:7)
  9 bullfrogs
  Dowan (D:4)
  5 scorpions
  11 wights
  7 killer bees
  A bullfrog zombie (D:5)
  2 centaur zombies (D:8)
  4 hounds
  6 orc wizards
  7 orc priests
  A jelly (D:5)
  3 bullfrog skeletons
  3 centaur skeletons
  2 iguanas
  9 worker ants
  2 hound zombies
  3 hound skeletons
  A howler monkey zombie (D:8)
  A worker ant zombie (D:9)
  A howler monkey skeleton (D:4)
  11 adders
  2 white imps
  3 ufetubi
  2 adder skeletons
  4 worms
  A dart slug (D:4)
  4 leopard geckos
  55 orcs
  3 bats
  2 giant cockroaches
  3 hobgoblins
  9 jackals
  5 quokkas
  A ball python (D:1)
  6 goblins
  5 kobolds
  A leopard gecko skeleton (D:5)
  A quokka zombie (D:6)
  8 rats
314 creatures vanquished.

Vanquished Creatures (collateral kills)
  2 hydras
  2 ogre magi (D:14)
  A death knight (D:14)
  A centaur warrior (D:14)
  A skeletal warrior (D:14)
  An orc knight (D:14)
  An ugly thing (D:12)
  2 yaktaurs
  A yak (D:9)
  2 soldier ants
  2 acid dragons
  An orc warrior (D:9)
  An ice beast (D:12)
  A centaur (D:9)
  A wyvern skeleton (D:14)
  A centaur skeleton (D:9)
  An orc wizard (D:14)
  2 orcs
  A quokka (D:9)
25 creatures vanquished.

Grand Total: 339 creatures vanquished

Notes
Turn   | Place    | Note
-------+----------+-------------------------------------------
     0 | D:1      | Flugslaktarn the Deep Dwarf Fighter began the quest for the
                  | Orb.
     0 | D:1      | Reached XP level 1. HP: 20/20 MP: 1/1
    79 | D:2      | Reached XP level 2. HP: 11/28 MP: 2/2
    92 | D:2      | Reached XP level 3. HP: 34/34 MP: 3/3
    94 | D:2      | Reached skill level 3 in Axes
   130 | D:2      | Found an opulent altar of Gozag.
   225 | D:3      | Reached XP level 4. HP: 26/42 MP: 2/2
   344 | D:4      | Found a staircase to the Ecumenical Temple.
   366 | Temple   | Entered the Ecumenical Temple
   482 | Temple   | Became a worshipper of Makhleb the Destroyer
   576 | D:4      | Noticed an ogre
   590 | D:4      | Killed an ogre
   590 | D:4      | Reached skill level 4 in Axes
   590 | D:4      | Reached skill level 1 in Invocations
   590 | D:4      | Reached XP level 5. HP: 45/50 MP: 1/1
   632 | D:4      | Noticed Dowan
   633 | D:4      | Noticed Duvessa
   650 | D:4      | Killed Dowan
   653 | D:4      | Killed Duvessa
   653 | D:4      | Reached XP level 6. HP: 25/57 MP: 1/3
   992 | D:4      | Reached skill level 5 in Axes
   992 | D:4      | Reached XP level 7. HP: 26/66 MP: 4/4
  1165 | D:5      | Entered Level 5 of the Dungeon
  1244 | D:5      | Noticed Menkaure
  1252 | D:5      | Killed Menkaure
  1266 | D:5      | Reached skill level 5 in Fighting
  1285 | D:5      | Reached * piety under Makhleb
  1285 | D:5      | Reached skill level 5 in Armour
  1433 | D:5      | Reached skill level 5 in Shields
  1514 | D:5      | Found a shadowy altar of Dithmenos.
  1547 | D:5      | You fall into a shaft and drop 2 floors!
  1630 | D:7      | Reached XP level 8. HP: 50/74 MP: 5/5
  1665 | D:6      | Reached skill level 6 in Axes
  2439 | D:6      | Noticed Sigmund
  2449 | D:6      | Killed Sigmund
  3063 | D:7      | Reached skill level 7 in Axes
  3111 | D:7      | Reached ** piety under Makhleb
  3111 | D:7      | Reached skill level 5 in Invocations
  3122 | D:7      | Gained mutation: You passively map the area around you.
                  | [Deep Dwarf growth]
  3122 | D:7      | Reached XP level 9. HP: 22/84 MP: 5/5
  3313 | D:8      | Found a staircase to the Lair.
  3397 | D:8      | Noticed a troll
  3399 | D:8      | Noticed a catoblepas
  3400 | D:8      | Noticed a yaktaur
  3421 | D:8      | Noticed an orb spider
  3421 | D:8      | a yaktaur changed into an orb spider
  3422 | D:8      | Noticed a wind drake
  3422 | D:8      | an orb spider changed into a wind drake
  3423 | D:8      | Killed a catoblepas
  3423 | D:8      | Reached skill level 8 in Axes
  3450 | D:8      | Killed a wind drake
  3457 | D:8      | Killed a troll
  3671 | D:8      | Noticed Prince Ribbit
  3672 | D:8      | Found a stormy altar of Qazlal.
  3702 | D:8      | Killed Prince Ribbit
  3702 | D:8      | Reached XP level 10. HP: 44/94 MP: 3/5
  3829 | D:8      | Reached skill level 9 in Axes
  3889 | D:8      | Reached skill level 1 in Evocations
  3960 | D:8      | Noticed a two-headed ogre
  3986 | D:8      | Killed a two-headed ogre
  3986 | D:8      | Reached skill level 1 in Dodging
  4046 | D:8      | Found an ornate altar of the Wu Jian Council.
  4527 | D:9      | Reached *** piety under Makhleb
  4665 | D:9      | Found a roughly hewn altar of Beogh.
  4665 | D:9      | Found a staircase to the Orcish Mines.
  4807 | D:9      | Reached skill level 10 in Axes
  4983 | D:9      | Noticed a moth of wrath
  4986 | D:9      | Found a bloodstained altar of Trog.
  5086 | D:10     | Entered Level 10 of the Dungeon
  5283 | D:10     | Reached **** piety under Makhleb
  5720 | D:11     | Reached XP level 11. HP: 84/104 MP: 4/4
  6535 | D:12     | Reached ***** piety under Makhleb
  6667 | D:12     | Noticed a seven-headed hydra
  6685 | D:12     | Killed a seven-headed hydra
  6685 | D:12     | Reached skill level 5 in Evocations
  6744 | D:12     | Noticed a red ugly thing
  6756 | D:12     | Killed a red ugly thing
  6923 | D:12     | Got a transparent tower shield
  6934 | D:12     | Identified the +5 tower shield of Zoqeb {Str+5 Stlth+} (You
                  | found it on level 12 of the Dungeon)
  7478 | D:13     | Killed an unseen horror
  7478 | D:13     | Reached skill level 11 in Axes
  7873 | D:14     | Noticed a vault guard
  7901 | D:14     | Noticed a vault guard
  7908 | D:14     | Noticed an ogre mage
  7908 | D:14     | Noticed an ogre mage
  7909 | D:14     | Noticed an orc knight
  7914 | D:14     | Reached XP level 12. HP: 116/116 MP: 6/6
  7922 | D:14     | Killed an ogre mage
  7924 | D:14     | Killed an ogre mage
  7946 | D:14     | Killed a vault guard
  7946 | D:14     | Reached skill level 10 in Fighting
  7975 | D:14     | Noticed a two-headed ogre
  7976 | D:14     | Noticed a centaur warrior
  7989 | D:14     | Killed a two-headed ogre
  8010 | D:14     | Killed a centaur warrior
  8062 | D:14     | Noticed a four-headed hydra
  8070 | D:14     | Killed a six-headed hydra
  8099 | D:14     | Reached skill level 12 in Axes
  8114 | D:14     | Reached skill level 10 in Invocations
  8181 | D:14     | Noticed a death knight
  8204 | D:14     | Killed a death knight
  8242 | D:14     | Found Pygoor's Book Emporium.
  8537 | D:14     | Found a gate to the Vaults.
  8537 | D:14     | Noticed a vault guard
  8559 | D:14     | Killed a vault guard
  8559 | D:14     | Reached XP level 13. HP: 94/124 MP: 5/5
  8612 | D:15     | Entered Level 15 of the Dungeon
  8634 | D:15     | HP: 6/126 [white ugly thing (15)]
  8792 | D:15     | Noticed an emperor scorpion
  8795 | D:15     | Noticed a dire elephant
  8820 | D:15     | Killed an emperor scorpion
  8833 | D:14     | Slain by a dire elephant

Illustrated notes

Levels and vault maps discovered:
D:1:      ebering_hopf_link, layout_basic, serial_bayou_ford_a,
          chequers_serial_rivers_micro_c, due_unseen_surprise
D:2:      layout_rooms, nicolae_gozag_seed_capital
D:3:      layout_rooms, led_sif_pool, guppyfry_early_orc_mine,
          uniq_crazy_yiuf_cottage, uniq_natasha
D:4:      layout_basic, minmay_temple_entry_glass, minmay_curled_crystal,
          minmay_pentangle, uniq_duvessa
D:5:      layout_loops_ring, hex_large, minmay_misc_feat_more_columns,
          nicolae_dithmenos_the_darkroom, uniq_menkaure
D:6:      layout_basic, uniq_sigmund
D:7:      layout_basic, grunt_decor_arrowhead, sword_in_stone
D:8:      minmay_ornate_pinched, layout_basic, old_standard_altar,
          lemuel_crystal_altar, uniq_prince_ribbit1
D:9:      layout_long_grid, tgw_trog, david_orc_5,
          chequers_serial_rivers_small_a
D:10:     layout_stronghold, minmay_misc_feat_secret_circle
D:11:     layout_loops_ring, lightli_orcish_oven
D:12:     layout_loops_corners
D:13:     layout_rooms
D:14:     layout_basic, grunt_vaults_entry_fortified, serial_shops,
          kennysheep_little_box
D:15:     hangedman_depths_entry_try_elsewhere_first, layout_small_grid,
          lemuel_altar_in_water
Temple:   compressed_dpeg_circular_temple

Skill      XL: |  1  2  3  4  5  6  7  8  9 10 11 12 |
---------------+-------------------------------------+-----
Fighting       | 3 4 5 6 7 8 9 10 | 10.9
Axes           | 3 4 5 7 8 10 11 12 | 12.5
Armour         | 4 5 6 7 8 9 |  9.6
Shields        | 4 5 6 7 9 |  9.9
Invocations    | 1 2 3 5 6 7 9 10 | 10.3
Evocations     | 3 6 7 |  7.9
Dodging        | 2 4 |  4.0

Action                   |  1- 3 |  4- 6 |  7- 9 | 10-12 | 13-15 || total
-------------------------+-------+-------+-------+-------+-------++-------
Melee: War axe           |    70 |   139 |   108 |       |       ||   317
       Broad axe         |       |       |   281 |   724 |    80 ||  1085
Invok: Lesser Servant of |       |       |       |    13 |     1 ||    14
 Abil: Heal Wounds       |     4 |     3 |    14 |    19 |     7 ||    47
Evoke: Wand              |       |       |       |     3 |       ||     3
  Use: Scroll            |       |     5 |     6 |     5 |     3 ||    19
       Potion            |       |     2 |     6 |       |     2 ||    10
 Stab: Petrified         |       |       |     2 |       |       ||     2
       Petrifying        |       |       |     1 |       |       ||     1
       Distracted        |       |       |       |     4 |       ||     4
Armor: Scale mail        |    33 |    50 |    88 |       |       ||   171
       Plate armour      |       |       |    95 |   423 |    43 ||   561
Dodge: Dodged            |    27 |    48 |    81 |   148 |    14 ||   318
Block: Kite shield       |    59 |    86 |   269 |   306 |       ||   720
       Tower shield      |       |       |       |   408 |   133 ||   541

Table legend: (Time is in decaauts)
 A = Elapsed time spent in this place.
 B = Non-inter-level travel time spent in this place.
 C = Inter-level travel time spent in this place.
 D = Time resting spent in this place.
 E = Time spent auto-exploring this place.
 F = Levels seen in this place.
 G = Mean time per level.
                   A        B        C        D        E       F      G
               +--------+--------+--------+--------+--------+-----+--------+
         Total |   9167 |   8720 |    447 |     40 |   5922 |  16 |  572.9 |
       Dungeon |   9027 |   8617 |    410 |     40 |   5831 |  15 |  601.8 |
        Temple |    139 |    102 |     37 |      0 |     91 |   1 |  139.0 |
               +--------+--------+--------+--------+--------+-----+--------+

Top non-repeatable levels by time:
     D:8: 1217 daAuts
    D:12: 910 daAuts
     D:6: 889 daAuts
    D:11: 832 daAuts
     D:5: 831 daAuts
    D:14: 804 daAuts
     D:4: 725 daAuts
     D:9: 682 daAuts
    D:10: 628 daAuts
    D:13: 453 daAuts
     D:7: 447 daAuts
    D:15: 217 daAuts
     D:3: 178 daAuts
  Temple: 139 daAuts
     D:2: 137 daAuts
